AoeStats
← Juanjopaz27

Oasis

507398600Analyzed
2v2 RM · 13d ago on Sep 18, 2026· 28m 50s· 4 players
Game mode
Random Map
Map size
Medium (4 player)
Population
200
Speed
Normal
Resources
Standard
Victory
Conquest
Starting age
Dark Age
Ending age
Imperial Age
RankedLock teamsTeams togetherTeam positionsShared explorationLock speedFull tech treeHidden civsTurbo modeCheats
Victory
Defeat
🇺🇾 Vietnamese · Uruguay
845
+13
🇨🇱 Maya · Chile
793
+15
🇨🇴 Britons · Colombia
791
-18
🇨🇴 Goths · Colombia
742
-13
✟ L¥N V ✟
5:38 Loom
13:40 Feudal Age
17:04 Castle Age
20:28 Fletching
25:21 Bodkin Arrow
jmanuelgiriboni
3:06 Loom
11:00 Feudal Age
11:49 Double-Bit Axe
14:29 Wheelbarrow
14:27 Fletching
17:02 Forging
17:14 Arson
23:00 Castle Age
22:07 Horse Collar
22:25 Gold Mining
24:45 Bow Saw
24:06 Crossbowman
26:14 Bodkin Arrow
26:37 Town Watch
28:33 Scale Mail Armor
Juanjopaz27
5:22 Loom
9:06 Feudal Age
10:16 Double-Bit Axe
11:35 Horse Collar
18:43 Castle Age
16:37 Gold Mining
18:54 Scale Barding Armor
20:02 Chain Barding Armor
22:55 Town Watch
26:42 Stone Mining
Mathias1493
15:44 Feudal Age
17:06 Wheelbarrow
16:21 Double-Bit Axe
16:51 Gold Mining
17:04 Man-at-Arms
23:20 Horse Collar
26:19 Stone Mining
Connection lost

Rejoining the realm…

Still unreachable

The connection could not be restored.

Session expired

The server has moved on; the page needs a fresh start.